 Dungeon Crawl Stone Soup version 0.30-a0-341-g682706514a (webtiles) character file.

Game seed: 14735214800391711700

429 retardedninja the Trooper (level 6, -2/56 HPs)
             Began as a Hill Orc Fighter on Nov 4, 2022.
             Was an Initiate of Gozag.
             Slain by Duvessa
             ... wielding a +1 short sword of speed
              (18 damage)
             ... on level 4 of the Dungeon.
             The game lasted 00:06:26 (2677 turns).

retardedninja the Trooper (Hill Orc Fighter)        Turns: 2677, Time: 00:06:28

Health: -2/56      AC:  8    Str: 27    XL:     6   Next: 98%
Magic:  6/6        EV:  9    Int:  8    God:    Gozag
Gold:   193        SH:  5    Dex: 10    Spells: 5/5 levels left

rFire   . . .      SeeInvis .    a - +0 war axe
rCold   . . .      Faith    .    c - +0 buckler
rNeg    . . .      Spirit   .    b - +0 scale mail
rPois   .          Reflect  .    (no helmet)
rElec   .          Harm     .    l - +0 cloak
rCorr   .          Rampage  .    (no gloves)
Will    .....                    (no boots)
Stlth   ..........               (no amulet)
HPRegen 0.29/turn                h - +6 ring of strength
MPRegen 0.10/turn                (no ring)

@: mighty, lit by a corona, glowing
A: no striking features
a: Renounce Religion, Potion Petition, Call Merchant, Bribe Branch


You were on level 4 of the Dungeon.
You worshipped Gozag.
Gozag was aware of your devotion.
You visited 1 branch of the dungeon, and saw 4 of its levels.

You collected 234 gold pieces.
You paid 41 gold pieces to Gozag.

Inventory:

Hand Weapons
 a - a +0 war axe (weapon)
Armour
 b - a +0 scale mail (worn)
 c - a +0 buckler (worn)
 l - a +0 cloak (worn)
Jewellery
 h - a +6 ring of strength (left hand)
 y - an amulet of regeneration
 B - a +6 ring of intelligence
Wands
 o - a wand of flame (18)
Scrolls
 e - 3 scrolls of identify {unknown}
 f - 2 scrolls of blinking {unknown}
 m - a scroll of enchant armour {unknown}
 p - a scroll of noise {unknown}
 r - 2 scrolls of vulnerability {unknown}
 z - 2 scrolls of fog {unknown}
 A - a scroll of poison {unknown}
Potions
 g - 3 potions of invisibility {unknown}
 i - a potion of degeneration {unknown}
 j - a potion of mutation {unknown}
 k - a potion of resistance {unknown}
 n - a potion of curing {unknown}
 q - 2 potions of attraction {unknown}
 s - a potion of ambrosia {unknown}
 t - a potion of lignification {unknown}
 u - 2 potions of heal wounds
 v - a potion of haste {unknown}
 w - a potion of brilliance {unknown}
 x - 3 potions of flight {unknown}


   Skills:
 + Level 5.5 Fighting
 + Level 5.2 Axes
 + Level 5.0 Armour
 + Level 5.0 Shields


You had 5 spell levels left.
You didn't know any spells.
Your spell library contained the following spells:

 Spells                   Type           Power      Damage    Failure   Level
 Shock                    Conj/Air       0%         1d3       77%         1
 Call Canine Familiar     Summ           0%         N/A       98%         3
 Gell's Gravitas          Tloc           0%         N/A       98%         3
 Lesser Beckoning         Tloc           0%         N/A       98%         3
 Portal Projectile        Hex/Tloc       0%         N/A       98%         3
 Swiftness                Air            0%         N/A       98%         3
 Teleport Other           Tloc           0%         N/A       98%         3
 Airstrike                Air            0%         2d(0-16)  100%        4
 Leda's Liquefaction      Hex/Erth       0%         N/A       100%        4
 Summon Forest            Summ/Tloc      0%         N/A       100%        5
 Summon Mana Viper        Hex/Summ       0%         N/A       100%        5
 Summon Cactus Giant      Summ           0%         N/A       100%        6


Dungeon Overview and Level Annotations

Branches:
Dungeon (4/15)
 Temple: D:4-7

Altars:
Cheibriados
Fedhas
Gozag
Hepliaklqana
Kikubaaqudgha
Ru
Sif Muna
Wu Jian
Yredelemnul
Zin
The Shining One

Shops:
D:3 =

Annotations:
D:4 Dowan, Duvessa


Message History

You are too injured to fight recklessly!
You are too injured to fight recklessly!
You are too injured to fight recklessly!
You are too injured to fight recklessly!
You are too injured to fight recklessly!
You are too injured to fight recklessly!
You are too injured to fight recklessly!
You are too injured to fight recklessly!
You are too injured to fight recklessly!
You are too injured to fight recklessly!
You are too injured to fight recklessly!
You are too injured to fight recklessly!
You barely miss Duvessa. You closely miss the adder. You slash Dowan!
Duvessa hits you with a +1 short sword of speed!
The adder bites you but does no damage. Dowan hits you but does no damage.
Duvessa hits you with a +1 short sword of speed.
* * * LOW HITPOINT WARNING * * *
You are too injured to fight recklessly!
Unknown command.
It was a potion of heal wounds.
You feel much better. The adder barely misses you. Dowan closely misses you.
Duvessa gestures with her weapon.
You block Duvessa's attack. The adder closely misses you.
You closely miss Duvessa. You completely miss the adder. You slash Dowan!
Dowan hits you but does no damage. Duvessa says, "Did you see that move?
Perfect!"
Duvessa hits you with a +1 short sword of speed.
The adder completely misses you.
Duvessa hits you with a +1 short sword of speed!
Dowan gestures at you while chanting. The puff of frost hits you!
* * * LOW HITPOINT WARNING * * *
You slash Duvessa!
Duvessa is moderately wounded.
You miss the adder. You barely miss Dowan. The adder barely misses you.
Duvessa hits you but does no damage. The adder bites you but does no damage.
Dowan hits you but does no damage.
Duvessa hits you with a +1 short sword of speed!!
You die...
Your body crumbles into a pile of gold.

.... ....#..........
##...........#..........
#........###............
........................
.........##.>...........
..........#.............
.........##.............
......S.>##.......##....
......e@.........####...
.?....e.....#....# #....
.........#.....[........
......#.###........#....
....##### ##.....###....
.... ##...## #.... .#.
##.## #.... # .# ####.


You could see Duvessa (strong), Dowan and an adder.

Vanquished Creatures
  A black bear (D:4)
  A bullfrog (D:4)
  A howler monkey (D:4)
  A hound (D:3)
  Jessica (D:2)
  4 gnolls (D:3)
  6 adders
  2 worms (D:3)
  3 dart slugs
  3 orcs (D:3)
  7 bats
  A bat zombie (D:3)
  4 endoplasms
  3 giant cockroaches
  3 goblins
  9 hobgoblins
  6 jackals
  4 quokkas
  2 ball pythons
  7 frilled lizards
  6 kobolds
  4 rats
  3 rat zombies (D:3)
82 creatures vanquished.

Notes
Turn   | Place    | Note
-------+----------+-------------------------------------------
     0 | D:1      | retardedninja the Hill Orc Fighter began the quest for the
                  | Orb.
     0 | D:1      | Reached XP level 1. HP: 19/19 MP: 1/1
   111 | D:1      | Reached XP level 2. HP: 27/27 MP: 2/2
   712 | D:2      | Reached XP level 3. HP: 33/33 MP: 3/3
   813 | D:2      | Noticed Jessica
   824 | D:2      | Killed Jessica
   825 | D:2      | Reached XP level 4. HP: 27/41 MP: 4/4
  1553 | D:3      | Reached XP level 5. HP: 26/47 MP: 5/5
  1997 | D:3      | Found an ancient bone altar of Kikubaaqudgha.
  2112 | D:3      | Found Enkapp's Jewellery Emporium.
  2160 | D:3      | Found a glowing silver altar of Zin.
  2215 | D:3      | Found a basalt altar of Yredelemnul.
  2234 | D:3      | Found a hazy altar of Hepliaklqana.
  2356 | D:3      | Found a sacrificial altar of Ru.
  2357 | D:3      | Found a glowing golden altar of the Shining One.
  2370 | D:3      | Found an opulent altar of Gozag.
  2373 | D:3      | Found a shimmering blue altar of Sif Muna.
  2373 | D:3      | Found a blossoming altar of Fedhas.
  2377 | D:3      | Found a snail-covered altar of Cheibriados.
  2390 | D:3      | Found an ornate altar of the Wu Jian Council.
  2410 | D:3      | Became a worshipper of Gozag Ym Sagoz the Greedy
  2462 | D:4      | Reached skill level 5 in Fighting
  2466 | D:4      | Reached XP level 6. HP: 50/56 MP: 6/6
  2631 | D:4      | Noticed a black bear
  2638 | D:4      | Killed a black bear
  2639 | D:4      | Reached skill level 5 in Axes
  2639 | D:4      | Reached skill level 5 in Armour
  2639 | D:4      | Reached skill level 5 in Shields
  2668 | D:4      | Noticed Duvessa
  2668 | D:4      | Noticed Dowan
  2677 | D:4      | Slain by Duvessa

Illustrated notes

Levels and vault maps discovered:
D:1:      heliophobic_arrival_enchanted_forest, layout_basic,
          minmay_misc_feat_room
D:2:      layout_basic, minmay_heptomino_o4, uniq_jessica
D:3:      layout_loops_cross, lemuel_tele_altar,
          nicolae_overflow_hallway_of_the_gods, minitemple,
          lemuel_zombie_altar_kikubaaqudgha, serial_shops, nicolae_shop_trees
D:4:      minmay_diamond_boxcup, layout_cave_pools, gup_sewer_entry_spiral,
          uniq_duvessa

Skill      XL: |  1  2  3  4  5  6 |
---------------+-------------------+-----
Axes           | 3 4 5 |  5.2
Fighting       | 4 5 |  5.5
Armour         | 4 5 |  5.0
Shields        | 4 5 |  5.0

Action                   |  1- 3 |  4- 6 || total
-------------------------+-------+-------++-------
Melee: War axe           |    79 |   162 ||   241
  Use: Potion            |       |     2 ||     2
Armor: Scale mail        |    35 |   131 ||   166
Dodge: Dodged            |    35 |    93 ||   128
Block: Buckler           |    19 |    39 ||    58

Table legend: (Time is in decaauts)
 A = Elapsed time spent in this place.
 B = Non-inter-level travel time spent in this place.
 C = Inter-level travel time spent in this place.
 D = Time resting spent in this place.
 E = Time spent auto-exploring this place.
 F = Levels seen in this place.
 G = Mean time per level.
                   A        B        C        D        E       F      G
               +--------+--------+--------+--------+--------+-----+--------+
         Total |   2760 |   2610 |    150 |    149 |   1812 |   4 |  690.0 |
       Dungeon |   2760 |   2610 |    150 |    149 |   1812 |   4 |  690.0 |
               +--------+--------+--------+--------+--------+-----+--------+

Top non-repeatable levels by time:
     D:3: 1098 daAuts
     D:1: 726 daAuts
     D:2: 702 daAuts
     D:4: 232 daAuts
